 Dungeon Crawl Stone Soup version 0.28.0-53-g5a82cb258f (webtiles) character file.

Game seed: 6405915025440839360

3327 Duralumin the Thaumaturge (level 9, -2/45 HPs)
             Began as a Deep Elf Summoner on July 4, 2022.
             Was a Believer of Sif Muna.
             Killed by divine providence
             ... invoked by an orc priest
              (14 damage)
             ... on level 7 of the Dungeon.
             The game lasted 00:49:06 (8745 turns).

Duralumin the Thaumaturge (Deep Elf Summoner)       Turns: 8745, Time: 00:49:07

Health: -2/45      AC:  3    Str:  5    XL:     9   Next: 71%
Magic:  16/26      EV: 12    Int: 25    God:    Sif Muna [**....]
Gold:   225        SH:  0    Dex: 15    Spells: 17/30 levels left

rFire   . . .      SeeInvis .   p - +1 dagger (venom)
rCold   . . .      Faith    .   (no shield)
rNeg    . . .      Spirit   .   a - +0 robe
rPois   .          Reflect  .   x - +0 helmet
rElec   .          Harm     .   (no cloak)
rCorr   .          Rampage  .   (no gloves)
Will    .....                   (no boots)
Stlth   ++........              (no amulet)
HPRegen 0.15/turn               (no ring)
MPRegen 0.20/turn               (no ring)

@: no status effects
A: no striking features
a: Renounce Religion, Channel Magic


You were on level 7 of the Dungeon.
You worshipped Sif Muna.
Sif Muna was pleased with you.
You visited 1 branch of the dungeon, and saw 7 of its levels.

You collected 267 gold pieces.
You spent 42 gold pieces at shops.

Inventory:

Hand Weapons
 p - a +1 dagger of venom (weapon)
 u - a +1 whip of freezing
 F - a +2 dagger of flaming
Missiles
 i - 6 poisoned darts
 j - 170 stones
 r - 5 curare-tipped darts
Armour
 a - a +0 robe (worn)
 x - a +0 helmet (worn)
 C - the +2 robe of Toligim {*Corrode rF++ rN++}
   (You found it on level 6 of the Dungeon)

   rF:        It greatly protects you from fire.
   rN:        It greatly protects you from negative energy.
   *Corrode:  It may corrode you when you take damage.
 H - an orb of mayhem
Magical Staves
 v - a staff of fire
Jewellery
 k - a ring of ice
 E - a +4 ring of evasion
Wands
 g - a wand of flame (25)
 y - a wand of digging (12)
Scrolls
 b - 3 scrolls of identify
 d - 3 scrolls of immolation
 e - a scroll of noise {unknown}
 f - 2 scrolls of vulnerability {unknown}
 l - 3 scrolls of holy word
 m - 3 scrolls of fog {unknown}
 n - 2 scrolls of amnesia {unknown}
 q - 2 scrolls of magic mapping {unknown}
 D - a scroll of enchant weapon {unknown}
 G - 3 scrolls of teleportation {unknown}
Potions
 c - 2 potions of haste {unknown}
 h - a potion of flight {unknown}
 o - 3 potions of curing
 s - a potion of ambrosia {unknown}
 t - a potion of might {unknown}
 w - 2 potions of magic {unknown}
 z - a potion of invisibility {unknown}
 A - 2 potions of mutation {unknown}
 B - a potion of brilliance {unknown}


   Skills:
 - Level 2.5 Dodging
 - Level 2.5 Stealth
 + Level 11.3 Spellcasting
 - Level 5.0 Hexes
 + Level 10.3 Summonings
 - Level 5.4 Air Magic


You had 17 spell levels left.
You knew the following spells:

 Your Spells              Type           Power      Damage    Failure   Level
a - Summon Small Mammal   Summ           100%       N/A       1%          1
b - Call Imp              Summ           60%        N/A       1%          2
c - Call Canine Familiar  Summ           60%        N/A       1%          3
d - Summon Guardian Gole  Hex/Summ       51%        N/A       1%          3
e - Summon Lightning Spi  Summ/Air       52%        N/A       1%          4

Your spell library contained the following spells:

 Spells                   Type           Power      Damage    Failure   Level
 Cause Fear               Hex            19%        N/A       5%          4
 Sublimation of Blood     Necr           14%        N/A       6%          2
 Conjure Flame            Conj/Fire      14%        6-21      13%         3
 Ignite Poison            Fire/Tmut/Pois 14%        N/A       13%         3
 Petrify                  Tmut/Erth      14%        N/A       38%         4
 Sticky Flame             Conj/Fire      14%        2d4       38%         4
 Irradiate                Conj/Tmut      7%         3d16      75%         5
 Dragon Form              Tmut           7%         N/A       100%        7
 Dragon's Call            Summ           30%        N/A       100%        9


Dungeon Overview and Level Annotations

Branches:
Dungeon (7/15)             Temple (0/1) D:5

Altars:
Ashenzari
Elyvilon
Kikubaaqudgha
Qazlal
Sif Muna
Vehumet
Yredelemnul
The Shining One

Shops:
D:1 =   D:3 !   D:7 !

Annotations:
D:7 Pikel


Message History

The lemure dies!
Your warg bites the orc warrior.
What are your orders? t - Shout!
Orders for allies: a - Attack new target. r - Retreat! s - Stop attacking. g - Guard the area. f - Follow me.
Anything else - Cancel.
Gang up on whom?
Press: ? - help, Dir - move target, f - orc warrior
Aim: an orc warrior, wielding a +0 glaive and wearing a +0 chain mail (lightly wounded, ally target) Attack!
The orc warrior hits your warg with a +0 glaive.
Your crimson imp blinks!
Your warg barely misses the orc warrior.
The orc warrior hits your warg with a +0 glaive.
An ice beast comes into view.
Your warg barely misses the orc warrior.
The orc warrior barely misses your guardian golem.
Your warg bites the orc warrior!
The orc priest invokes the aid of Beogh against you.
Beogh smites you!
* * * LOW HITPOINT WARNING * * *
You feel better.
The orc warrior barely misses your guardian golem.
Your crimson imp blinks!
Your warg barely misses the orc warrior.
The orc priest calls upon Beogh to heal the orc warrior.
The orc warrior is healed somewhat.
You swap places.
The orc warrior hits your guardian golem with a +0 glaive!
Your warg barely misses the orc warrior.
Your warg barely misses the orc warrior.
The orc warrior hits your guardian golem with a +0 glaive.
Your warg misses the orc warrior.
The orc warrior hits your guardian golem with a +0 glaive!
Your warg bites the orc warrior but does no damage.
The orc priest invokes the aid of Beogh against you.
Beogh smites you!
You die...

..... #... .5....
)### #+#oKY.5
##∩#oo5 ## ####o# #.
#.59h# #. ##.r#.# #.
#.8...# #. #@#####
#. #.###### #.
###.##...## ##
#.....###.##
#.###....#.#########
#.# #....#.#........
#.###....#.#.#######
#.....###....#
######...#####


You could see Pikel, an orc warrior (ally target), an ice beast, 2 lemures, an
orc priest, 2 orcs, a friendly guardian golem (summoned), a friendly warg
(summoned, sheltered), a friendly lightning spire (summoned, sheltered), a
friendly crimson imp (summoned, sheltered) and a friendly quokka (summoned,
sheltered).

Vanquished Creatures
  A kobold demonologist (D:6)
  2 dart slugs (D:4)
  2 orcs (D:5)
  2 bats
  2 endoplasms
  A goblin (D:2)
  2 hobgoblins (D:4)
  A jackal (D:4)
  2 quokkas
  2 ball pythons
  6 kobolds
  3 rats
26 creatures vanquished.

Vanquished Creatures (collateral kills)
  A centaur zombie (D:6)
  Grinder (D:5)
  Sigmund (D:3)
  A wyvern (D:4)
  An ice beast (D:5)
  A sky beast (D:7)
  2 necrophages
  4 ogres
  2 lemures (D:7)
  3 scorpions
  2 wights (D:4)
  2 howler monkeys
  A jelly (D:6)
  A bullfrog zombie (D:6)
  A bullfrog skeleton (D:7)
  2 hounds
  An orc priest (D:7)
  2 centaur skeletons (D:6)
  An iguana (D:4)
  A scorpion zombie (D:5)
  11 orc wizards
  A hound skeleton (D:4)
  A hound zombie (D:5)
  6 adders
  6 gnolls
  2 white imps
  An ufetubus (D:5)
  2 dart slugs
  18 orcs
  5 ball pythons
  4 endoplasms
  3 giant cockroaches
  8 hobgoblins
  2 jackals (D:4)
  3 quokkas
  7 bats
  4 goblins
  7 kobolds
  2 rats
124 creatures vanquished.

Vanquished Creatures (others)
  A black bear (D:6)
  A human (D:6)
  2 bullfrogs (D:7)
  3 wights (D:4)
  3 orc wizards
  A gnoll (D:4)
  A plant (D:5)
12 creatures vanquished.

Grand Total: 162 creatures vanquished

Notes
Turn   | Place    | Note
-------+----------+-------------------------------------------
     0 | D:1      | Duralumin the Deep Elf Summoner began the quest for the
                  | Orb.
     0 | D:1      | Reached XP level 1. HP: 10/10 MP: 6/6
   179 | D:1      | Reached XP level 2. HP: 15/15 MP: 4/8
   196 | D:1      | Found a faded altar of an unknown god.
   470 | D:1      | Found Aboul's Jewellery Shoppe.
  1024 | D:2      | Reached skill level 4 in Spellcasting
  1024 | D:2      | Reached skill level 5 in Summonings
  1024 | D:2      | Reached XP level 3. HP: 16/19 MP: 6/10
  1197 | D:2      | Learned a level 2 spell: Call Imp
  1201 | D:2      | Learned a level 3 spell: Call Canine Familiar
  1685 | D:2      | Identified the +1 spear of Fejeg {freeze, +Blink rF++ Str-5
                  | Int-5}
  2126 | D:3      | Noticed Sigmund
  2131 | D:3      | Reached XP level 4. HP: 24/24 MP: 5/12
  2148 | D:2      | Reached skill level 5 in Spellcasting
  2160 | D:2      | Learned a level 3 spell: Summon Guardian Golem
  2565 | D:3      | Reached XP level 5. HP: 18/28 MP: 7/14
  2719 | D:3      | Killed Sigmund
  2720 | D:3      | Reached skill level 6 in Spellcasting
  2720 | D:3      | Reached XP level 6. HP: 29/32 MP: 4/17
  2728 | D:3      | Found Emna's Distillery.
  2736 | D:3      | Bought a potion of curing for 42 gold pieces
  3195 | D:3      | Found a shimmering blue altar of Sif Muna.
  3199 | D:3      | Became a worshipper of Sif Muna the Loreminder
  3599 | D:4      | Learned a level 4 spell: Summon Lightning Spire
  3862 | D:4      | Reached skill level 7 in Spellcasting
  4047 | D:4      | Reached XP level 7. HP: 22/36 MP: 5/19
  4307 | D:4      | Reached skill level 8 in Spellcasting
  4354 | D:4      | Reached skill level 1 in Hexes
  4426 | D:4      | Reached * piety under Sif Muna
  4544 | D:4      | Reached skill level 1 in Air Magic
  5014 | D:4      | Noticed a wyvern
  5043 | D:4      | Killed a wyvern
  5044 | D:4      | Reached XP level 8. HP: 41/41 MP: 7/22
  5315 | D:5      | Entered Level 5 of the Dungeon
  5315 | D:5      | Noticed Grinder
  5477 | D:5      | Reached skill level 9 in Spellcasting
  5648 | D:5      | Found a stormy altar of Qazlal.
  5656 | D:5      | Killed Grinder
  6232 | D:5      | Found a white marble altar of Elyvilon.
  6578 | D:5      | Found a staircase to the Ecumenical Temple.
  6696 | D:6      | Found an ancient bone altar of Kikubaaqudgha.
  6721 | D:6      | Found a glowing golden altar of the Shining One.
  6732 | D:6      | Reached skill level 5 in Hexes
  7028 | D:6      | Reached XP level 9. HP: 41/45 MP: 20/24
  7028 | D:6      | Reached ** piety under Sif Muna
  7046 | D:6      | Reached skill level 10 in Spellcasting
  7105 | D:6      | Noticed a troll
  7220 | D:6      | Identified the +2 robe of Toligim {*Corrode rF++ rN++}
  7257 | D:6      | Found a broken altar of Ashenzari.
  7270 | D:6      | Found a radiant altar of Vehumet.
  7346 | D:6      | Noticed a kobold demonologist
  7354 | D:6      | Noticed a hellwing
  7365 | D:6      | Noticed a sixfirhy
  7379 | D:6      | Killed a kobold demonologist
  7380 | D:6      | Reached skill level 5 in Air Magic
  7764 | D:6      | Found a basalt altar of Yredelemnul.
  8131 | D:7      | Reached skill level 11 in Spellcasting
  8175 | D:7      | Reached skill level 10 in Summonings
  8714 | D:7      | Found Peuptan's Distillery.
  8733 | D:7      | Noticed Pikel
  8745 | D:7      | Killed from afar by an orc priest

Illustrated notes

Levels and vault maps discovered:
D:1:      minmay_arrival_floating_metal, layout_rooms, serial_shops,
          nicolae_lakefront_shop, shapermc_ecumenical_altar_mp_vishouse,
          serial_park_tiny_1
D:2:      layout_rooms, serial_rivers, chequers_serial_rivers_small_3,
          chequers_serial_rivers_micro_b, chequers_serial_rivers_large_a,
          chequers_serial_rivers_micro_a, chequers_serial_rivers_micro_b,
          chequers_serial_rivers_marsh, minmay_indecisive_spiral
D:3:      layout_loops_ring, led_sif_book, serial_shops, shop_statue,
          hangedman_decor_growths, minmay_misc_feat_more_columns, uniq_sigmund
D:4:      layout_basic, serial_glass, glass_columns_a, glass_columns_a,
          kennysheep_generic_room_12
D:5:      layout_basic, elyvilon_altar_1, nicolae_qazlal_general_emergency,
          minmay_temple_entry_poolview, uniq_grinder
D:6:      layout_basic, mainiacjoe_overflow_paths,
          mainiacjoe_overflow_cross_hatched, tgw_kikubaaqudgha,
          mainiacjoe_overflow_catwalk_spiral, serial_curves, eino_curves_01,
          eino_curves_01, lightli_corner_chamber
D:7:      layout_loops_cross, serial_shops, nicolae_shop_window_shopping,
          uniq_pikel

Skill      XL: |  1  2  3  4  5  6  7  8  9 |
---------------+----------------------------+-----
Spellcasting   | 4 5 6 7 8 9 11 | 11.3
Summonings     | 5 6 7 8 9 10 | 10.3
Hexes          | 2 5 |  5.0
Air Magic      | 2 4 5 |  5.4
Dodging        | |  2.5
Stealth        | |  2.5

Action                   |  1- 3 |  4- 6 |  7- 9 || total
-------------------------+-------+-------+-------++-------
Melee: Unarmed           |     7 |       |       ||     7
       Whip              |    25 |       |       ||    25
       Dagger            |    32 |    51 |    70 ||   153
       Punch             |       |       |     1 ||     1
 Cast: Summon Small Mamm |    36 |     3 |     5 ||    44
       Call Imp          |     6 |    12 |    14 ||    32
       Call Canine Famil |     2 |    14 |    25 ||    41
       Summon Guardian G |       |     6 |    39 ||    45
       Summon Lightning  |       |       |    29 ||    29
  Use: Potion            |       |       |     2 ||     2
       Scroll            |       |       |     2 ||     2
 Stab: Sleeping          |     4 |     1 |     2 ||     7
       Distracted        |       |     1 |       ||     1
Armor: Robe              |    25 |     5 |    15 ||    45
Dodge: Dodged            |    74 |    40 |    47 ||   161
